 Dungeon Crawl Stone Soup version 0.24.0-123-gd5b16e6ec5 (webtiles) character file.

Game seed: 17445831470837299010, levelgen mode: deterministic

792 Bergy the Basher (level 7, -8/41 HPs)
             Began as a Gargoyle Fighter on Dec 28, 2019.
             Mangled by a two-headed ogre
             ... wielding a +0 dire flail
              (9 damage)
             ... on level 4 of the Dungeon.
             The game lasted 00:11:25 (5088 turns).

Bergy the Basher (Gargoyle Fighter)                 Turns: 5088, Time: 00:11:26

Health: -8/41      AC: 11    Str: 22    XL:     7   Next: 88%
Magic:  7/7        EV:  7    Int:  8    God:
Gold:   168        SH:  9    Dex:  9    Spells: 6/6 levels left

rFire    . . .     SeeInvis .   d - +0 mace (crush)
rCold    . . .     Gourm    .   c - +0 shield
rNeg     + . .     Faith    .   b - +0 scale mail
rPois    ∞         Spirit   .   (no helmet)
rElec    +         Reflect  .   (no cloak)
rCorr    .         Harm     .   (no gloves)
MR       .....                  (no boots)
Stlth    ..........             (no amulet)
HPRegen  0.13/turn              (no ring)
MPRegen  0.10/turn              (no ring)

@: no status effects
A: negative energy resistance 1, electricity resistance, unbreathing,
petrification resistance, rot immunity, AC +4
a: no special abilities


You were on level 4 of the Dungeon.
You were not hungry.

You visited 1 branch of the dungeon, and saw 4 of its levels.

You collected 168 gold pieces.

Inventory:

Hand Weapons
 d - a +0 mace of crushing (weapon)
Armour
 b - a +0 scale mail (worn)
 c - a +0 shield (worn)
 C - a cursed +0 plate armour
Jewellery
 p - an uncursed ring of stealth {unknown}
 q - a +2 ring of intelligence {unknown}
 t - a cursed -3 ring of strength {unknown}
 z - a +2 ring of protection {unknown}
Wands
 v - a wand of disintegration (13)
Scrolls
 h - a scroll of magic mapping {unknown}
 i - a scroll of fear {unknown}
 j - a scroll of teleportation {unknown}
 r - a scroll of noise {unknown}
 w - 2 scrolls of immolation
 y - a scroll of amnesia {unknown}
 A - a scroll of blinking {unknown}
Potions
 e - a potion of heal wounds {unknown}
 k - 2 potions of brilliance
 l - 3 potions of curing
 n - a potion of agility {unknown}
 o - a potion of flight
 s - a potion of invisibility {unknown}
 u - 2 potions of lignification {unknown}
 B - a potion of might
Comestibles
 a - 5 chunks of flesh
 f - 13 rations


   Skills:
 - Level 3.2 Fighting
 * Level 8.8 Maces & Flails
 - Level 3.2 Armour
 - Level 3.2 Shields


You had 6 spell levels left.
You didn't know any spells.
Your spell library was empty.

Dungeon Overview and Level Annotations

Branches:
Dungeon (4/15)
 Temple: D:4-7

Altars:
Ashenzari
Gozag
Makhleb
Qazlal
Sif Muna
Wu Jian


Innate Abilities, Weirdness & Mutations

You are resistant to torment.
Your stone body is resilient. (AC +4)
You are immune to poison.
You resist negative energy. (rN+)
You are resistant to electric shocks. (rElec)
You can survive without breathing.
You are immune to petrification.
You are immune to rotting.


Message History

You block the two-headed ogre's attack. x2
You hit the two-headed ogre.
The two-headed ogre is lightly wounded.
You block the two-headed ogre's attack. x2
You barely miss the two-headed ogre.
The two-headed ogre is lightly wounded.
You sock the two-headed ogre!
The two-headed ogre is moderately wounded.
You block the two-headed ogre's attack.
The two-headed ogre hits you with a +0 giant spiked club!!
Ouch! That really hurt!
* * * LOW HITPOINT WARNING * * *
It was a potion of curing.
You feel better. The two-headed ogre barely misses you.
The two-headed ogre hits you with a +0 giant spiked club!!
* * * LOW HITPOINT WARNING * * *
You thump the two-headed ogre!
The two-headed ogre is heavily wounded.
The two-headed ogre hits you with a +0 dire flail!
You die...

#.## #.# #..## ###..#####. ###.#
#.# ##.## ##.##.#_. ##...# #..
#..# ####....##. ..#..## #..#
#..###....#..##8 ####))# #(..
##........#..# # ##.##
##...####........#..###
#..####.....................#
##...............##....<....#
#..........@..#.#####....... #
##..........O#.#..#.##.......
#####............#...............
..................###............
..####.............##............
..# ##..........................
..# #.....##...................
..### #....###.............).....
....###....# ###............#....


You could see a two-headed ogre.

Vanquished Creatures
  Sigmund (D:2)
  Purgy (D:2)
  2 howler monkeys
  A hound (D:4)
  The ghost of Descartes the Ducker, a weakling FeMo (D:3)
  2 centaur skeletons (D:4)
  2 orc priests
  2 orc wizards
  Jessica (D:2)
  A worker ant (D:4)
  A hound skeleton (D:4)
  6 adders
  A worker ant simulacrum (D:3)
  4 dart slugs
  An adder simulacrum (D:3)
  2 leopard geckos
  23 orcs
  8 bats
  3 giant cockroaches
  3 goblins
  6 hobgoblins
  3 jackals (D:3)
  10 frilled lizards
  11 kobolds
  2 leopard gecko simulacra (D:3)
  8 rats
106 creatures vanquished.

Notes
Turn   | Place    | Note
-------+----------+-------------------------------------------
     0 | D:1      | Bergy the Gargoyle Fighter began the quest for the Orb.
     0 | D:1      | Reached XP level 1. HP: 14/14 MP: 1/1
   102 | D:1      | Reached XP level 2. HP: 16/19 MP: 2/2
   268 | D:1      | Reached skill level 3 in Maces & Flails
   699 | D:1      | Reached XP level 3. HP: 23/23 MP: 3/3
  1427 | D:2      | Reached skill level 4 in Maces & Flails
  1626 | D:2      | Found an ornate altar of the Wu Jian Council.
  1626 | D:2      | Found a stormy altar of Qazlal.
  1728 | D:2      | Noticed Sigmund
  1742 | D:2      | Killed Sigmund
  1742 | D:2      | Reached skill level 5 in Maces & Flails
  1742 | D:2      | Reached XP level 4. HP: 15/28 MP: 4/4
  1742 | D:2      | Reached XP level 5. HP: 18/32 MP: 5/5
  2036 | D:2      | Reached skill level 6 in Maces & Flails
  2125 | D:2      | Noticed Jessica
  2131 | D:2      | Killed Jessica
  2131 | D:2      | Reached XP level 6. HP: 37/37 MP: 6/6
  2493 | D:3      | Noticed Descartes's ghost (weakling FeMo)
  2525 | D:3      | Found a runed translucent gate.
  2525 | D:3      | Found a runed translucent gate.
  2525 | D:3      | Found a runed translucent gate.
  2714 | D:3      | Noticed Purgy
  2739 | D:2      | Killed Purgy
  2739 | D:2      | Reached skill level 7 in Maces & Flails
  3317 | D:3      | Killed Descartes's ghost
  3317 | D:3      | Reached XP level 7. HP: 18/41 MP: 7/7
  3825 | D:4      | Reached skill level 8 in Maces & Flails
  4424 | D:4      | Found an opulent altar of Gozag.
  4658 | D:4      | Noticed a two-headed ogre
  5053 | D:4      | Found a burning altar of Makhleb.
  5053 | D:4      | Found a shimmering blue altar of Sif Muna.
  5055 | D:4      | Found a shattered altar of Ashenzari.
  5087 | D:4      | HP: 1/41 [two-headed ogre/+0 dire flail (18)]
  5088 | D:4      | Mangled by a two-headed ogre

Levels and vault maps discovered:
D:1:      dpeg_arrival_another_circle, layout_basic
D:2:      layout_loops_ring, gammafunk_temple_overflow_statue, uniq_sigmund,
          uniq_jessica
D:3:      layout_loops_ring, gammafunk_ghost_icy, minmay_increasing_density,
          uniq_purgy
D:4:      layout_layer_cave, nicolae_overflow_hidden_temple

Skill      XL: |  1  2  3  4  5  6  7 |
---------------+----------------------+-----
Maces & Flails | 3 5 6 7 8 |  8.8
Fighting       | |  3.2
Armour         | |  3.2
Shields        | |  3.2

Action                   |  1- 3 |  4- 6 |  7- 9 || total
-------------------------+-------+-------+-------++-------
Melee: Flail             |   133 |   156 |    27 ||   316
       Mace              |       |       |   127 ||   127
  Use: Potion            |     1 |     2 |     1 ||     4
       Scroll            |       |       |     4 ||     4
  Eat: Chunk             |     2 |     2 |     3 ||     7
       Ration            |       |     1 |     1 ||     2
Armor: Scale mail        |    81 |    90 |    76 ||   247
Dodge: Dodged            |    45 |    59 |    51 ||   155
Block: Shield            |    76 |    85 |    90 ||   251
